 Dungeon Crawl Stone Soup version 0.26.1-2-gb8aa6d0cf2 (webtiles) character file.

Game seed: 7655413794296418189

115 FishyPogo the Changer (level 4, 0/32 HPs)
             Began as a Demonspawn Transmuter on Mar 2, 2021.
             Slain by a bullfrog skeleton (6 damage)
             ... on level 4 of the Dungeon.
             The game lasted 00:04:15 (1064 turns).

FishyPogo the Changer (Demonspawn Transmuter)       Turns: 1064, Time: 00:04:15

Health: 0/32       AC:  2    Str: 11    XL:     4   Next: 68%
Magic:  6/7        EV: 12    Int: 15    God:
Gold:   66         SH:  0    Dex: 13    Spells: 1/7 levels left

rFire    . . .     SeeInvis .     - Unarmed
rCold    . . .     Faith    .   (no shield)
rNeg     . . .     Spirit   .   a - +0 robe
rPois    .         Reflect  .   (helmet currently unavailable)
rElec    .         Harm     .   (no cloak)
rCorr    .         Rampage  .   (no gloves)
Will     .....                  (boots currently unavailable)
Stlth    +.........             (no amulet)
HPRegen  0.10/turn              (no ring)
MPRegen  0.10/turn              (no ring)

@: appendages, wereblooded (expiring)
A: claws 1, horns 2, talons 2, miasma immunity
a: End Transformation


You were on level 4 of the Dungeon.
You had grown temporary horns.
You had grown temporary talons.
You visited 1 branch of the dungeon, and saw 6 of its levels.

You collected 66 gold pieces.

Inventory:

Missiles
 b - 45 stones
 c - 8 boomerangs
Armour
 a - a +0 robe (worn)
Jewellery
 f - an uncursed ring of protection from fire {unknown}
 h - an uncursed amulet of reflection {unknown}
Scrolls
 e - a scroll of identify
Potions
 d - 2 potions of heal wounds


   Skills:
 - Level 1.0 Fighting
 - Level 2.0 Dodging
 + Level 3.5 Unarmed Combat
 - Level 2.0 Spellcasting
 * Level 3.7 Transmutations


You had one spell level left.
You knew the following spells:

 Your Spells              Type           Power        Failure   Level
s - Spider Form           Tmut/Pois      3%           30%         3
u - Wereblood             Tmut           12%          7%          2
y - Beastly Appendage     Tmut           24%          4%          1

Your spell library contained the following spells:

 Spells                   Type           Power        Failure   Level
 Animate Skeleton         Necr           2%           22%         1
 Apportation              Tloc           2%           22%         1
 Corona                   Hex            1%           22%         1
 Summon Small Mammal      Summ           4%           22%         1
 Ice Form                 Ice/Tmut       7%           71%         4
 Blade Hands              Tmut           6%           78%         5


Dungeon Overview and Level Annotations

Branches:
Dungeon (6/15)
 Temple: D:4-7

Altars:
Nemelex Xobeh

Annotations:
D:5 Edmund


Innate Abilities, Weirdness & Mutations

You have sharp fingernails.
You are immune to miasma.
You have a pair of horns on your head.
You have razor-sharp toenails.


Message History

* * * LOW HITPOINT WARNING * * *
There is an open door here.
You scratch the orc.
The orc is severely wounded.
You howl as the wereblood boils in your veins!
The orc hits you with a cursed +0 mace.
* * * LOW HITPOINT WARNING * * *
You barely miss the orc.
The orc is severely wounded.
Casting: Wereblood (safe; 7% risk of failure)
Confirm with . or Enter, or press ? or * to list all spells.
You grow a pair of large bovine horns.
Your feet morph into talons.
The orc closely misses you.
You scratch the orc.
You kill the orc!
You claw the bullfrog skeleton! You headbutt the bullfrog skeleton.
The bullfrog skeleton is heavily damaged.
Your primal bloodlust is almost over.
The bullfrog skeleton hits you.
You die...

#....#
#.....>......
#....#
#.####.#####)
#(...# #.#
#........
#....# #.#
#.####.##
#....###.# #.#
#.#.
#....'...# #.#
# #.
#..o)#######.#
#. #Z#
#.)....# #.
#@###.######
#. #.....#
#######


You could see an orc and a bullfrog skeleton.

Vanquished Creatures
  A hound (D:4)
  A jelly (D:5)
  A worker ant (D:4)
  An adder (D:4)
  A leopard gecko (D:4)
  4 orcs (D:4)
  A ball python (D:2)
  3 hobgoblins
  2 bats
  A frilled lizard (D:3)
  2 kobolds
  3 rats
21 creatures vanquished.

Notes
Turn   | Place    | Note
-------+----------+-------------------------------------------
     0 | D:1      | FishyPogo the Demonspawn Transmuter began the quest for the
                  | Orb.
     0 | D:1      | Reached XP level 1. HP: 15/15 MP: 3/3
   433 | D:2      | Gained mutation: You are immune to miasma. [demonic
                  | ancestry]
   433 | D:2      | Reached XP level 2. HP: 21/21 MP: 3/5
   584 | D:3      | Found a sparkling altar of Nemelex Xobeh.
   859 | D:4      | Learned a level 2 spell: Wereblood
   874 | D:4      | Gained mutation: You have sharp fingernails. [demonic
                  | ancestry]
   874 | D:4      | Reached XP level 3. HP: 10/26 MP: 6/6
   915 | D:4      | Learned a level 3 spell: Spider Form
   984 | D:5      | Entered Level 5 of the Dungeon
   991 | D:5      | Noticed Edmund
  1003 | D:5      | Noticed a centaur
  1004 | D:5      | Reached XP level 4. HP: 31/32 MP: 5/7
  1012 | D:5      | Noticed a water moccasin
  1064 | D:4      | Slain by a bullfrog skeleton

Illustrated notes

Levels and vault maps discovered:
D:1:      dpeg_arrival_houses_and_road, layout_basic, minmay_misc_feat_cross
D:2:      layout_basic, zin_treasury, st_stairs_6
D:3:      layout_basic, corexii_leaking_fountain, grunt_ministairs_10,
          nemelex_lonely_heart_becter
D:4:      layout_basic, minmay_close_crescents
D:5:      layout_loops_ring, uniq_duvessa, uniq_menkaure, uniq_edmund,
          uniq_eustachio
D:6:      minmay_flawed_box, layout_basic, kiku_gazebo_garden_becter,
          lemuel_round_altar, minmay_temple_entry_glassed_door,
          mrwooster_statue_mirror, corexii_hall_statues_x

Skill      XL: |  1  2 |
---------------+-------+-----
Dodging        | 2 |  2.0
Transmutations | 2 3 |  3.7
Unarmed Combat | 3 |  3.5
Fighting       | |  1.0
Spellcasting   | |  2.0

Action                   |  1- 3 |  4- 6 || total
-------------------------+-------+-------++-------
Melee: Unarmed           |    52 |    15 ||    67
       Kick              |     8 |     3 ||    11
       Headbutt          |     2 |     2 ||     4
 Cast: Beastly Appendage |    14 |     2 ||    16
       Wereblood         |     1 |     1 ||     2
  Use: Scroll            |     4 |       ||     4
       Potion            |     3 |       ||     3
Armor: Robe              |     9 |     1 ||    10
Dodge: Dodged            |    26 |     5 ||    31
